%YAML 1.1
%TAG !u! tag:unity3d.com,2011:
--- !u!114 &-9054187937413583452
MonoBehaviour:
  m_ObjectHideFlags: 0
  m_CorrespondingSourceObject: {fileID: 0}
  m_PrefabInstance: {fileID: 0}
  m_PrefabAsset: {fileID: 0}
  m_GameObject: {fileID: 0}
  m_Enabled: 1
  m_EditorHideFlags: 0
  m_Script: {fileID: 11500000, guid: ceb653cd98e289a4e8697a1af55201f2, type: 3}
  m_Name: event:/New Event
  m_EditorClassIdentifier: 
  Path: event:/New Event
  guid: 05cac2814f64d84fbddbe5d70c10abfc
  Banks:
  - {fileID: 6561945231994151534}
  IsStream: 1
  Is3D: 0
  IsOneShot: 1
  Parameters: []
  MinDistance: 0
  MaxDistance: 0
  Length: 35122
--- !u!114 &-3000442293134991011
MonoBehaviour:
  m_ObjectHideFlags: 0
  m_CorrespondingSourceObject: {fileID: 0}
  m_PrefabInstance: {fileID: 0}
  m_PrefabAsset: {fileID: 0}
  m_GameObject: {fileID: 0}
  m_Enabled: 1
  m_EditorHideFlags: 0
  m_Script: {fileID: 11500000, guid: c18180ecb35941f4682ae60107b85b7c, type: 3}
  m_Name: bank:/Master.strings.bank
  m_EditorClassIdentifier: 
  Path: Build/Desktop/Master.strings.bank
  Name: Master.strings
  StudioPath: bank:/Master.strings
  lastModified: 637942684000000000
  LoadResult: 0
  FileSizes:
  - Name: Desktop
    Value: 960
  Exists: 1
--- !u!114 &11400000
MonoBehaviour:
  m_ObjectHideFlags: 0
  m_CorrespondingSourceObject: {fileID: 0}
  m_PrefabInstance: {fileID: 0}
  m_PrefabAsset: {fileID: 0}
  m_GameObject: {fileID: 0}
  m_Enabled: 1
  m_EditorHideFlags: 0
  m_Script: {fileID: 11500000, guid: d32cf7c32a3ed8347bac48ef5ed56d82, type: 3}
  m_Name: FMODStudioCache
  m_EditorClassIdentifier: 
  EditorBanks:
  - {fileID: -3000442293134991011}
  - {fileID: 6561945231994151534}
  EditorEvents:
  - {fileID: -9054187937413583452}
  - {fileID: 7574704585765245036}
  - {fileID: 4541993383832854854}
  - {fileID: 1606829268369196554}
  EditorParameters:
  - {fileID: 264832245334501629}
  MasterBanks:
  - {fileID: 6561945231994151534}
  StringsBanks:
  - {fileID: -3000442293134991011}
  stringsBankWriteTime: 637942684000000000
  cacheVersion: 6
--- !u!114 &264832245334501629
MonoBehaviour:
  m_ObjectHideFlags: 0
  m_CorrespondingSourceObject: {fileID: 0}
  m_PrefabInstance: {fileID: 0}
  m_PrefabAsset: {fileID: 0}
  m_GameObject: {fileID: 0}
  m_Enabled: 1
  m_EditorHideFlags: 0
  m_Script: {fileID: 11500000, guid: fecb8ef7f94ca804a8ab72049b86782e, type: 3}
  m_Name: parameter:/DayNight
  m_EditorClassIdentifier: 
  Name: DayNight
  Min: 0
  Max: 24
  Default: 0
  ID:
    data1: 3066227299
    data2: 58049654
  Exists: 1
--- !u!114 &1606829268369196554
MonoBehaviour:
  m_ObjectHideFlags: 0
  m_CorrespondingSourceObject: {fileID: 0}
  m_PrefabInstance: {fileID: 0}
  m_PrefabAsset: {fileID: 0}
  m_GameObject: {fileID: 0}
  m_Enabled: 1
  m_EditorHideFlags: 0
  m_Script: {fileID: 11500000, guid: ceb653cd98e289a4e8697a1af55201f2, type: 3}
  m_Name: event:/Ambience/Village/DayNight Ambience
  m_EditorClassIdentifier: 
  Path: event:/Ambience/Village/DayNight Ambience
  guid: e73b66ca7fd1484496f942722b4b2c2e
  Banks:
  - {fileID: 6561945231994151534}
  IsStream: 1
  Is3D: 1
  IsOneShot: 0
  Parameters: []
  MinDistance: 0
  MaxDistance: 0
  Length: 15000
--- !u!114 &4541993383832854854
MonoBehaviour:
  m_ObjectHideFlags: 0
  m_CorrespondingSourceObject: {fileID: 0}
  m_PrefabInstance: {fileID: 0}
  m_PrefabAsset: {fileID: 0}
  m_GameObject: {fileID: 0}
  m_Enabled: 1
  m_EditorHideFlags: 0
  m_Script: {fileID: 11500000, guid: ceb653cd98e289a4e8697a1af55201f2, type: 3}
  m_Name: event:/Ambience/Village/Lullaby
  m_EditorClassIdentifier: 
  Path: event:/Ambience/Village/Lullaby
  guid: 3a86cbb102da9d46882ae611518b841d
  Banks:
  - {fileID: 6561945231994151534}
  IsStream: 1
  Is3D: 1
  IsOneShot: 0
  Parameters: []
  MinDistance: 1
  MaxDistance: 20
  Length: 9000
--- !u!114 &6561945231994151534
MonoBehaviour:
  m_ObjectHideFlags: 0
  m_CorrespondingSourceObject: {fileID: 0}
  m_PrefabInstance: {fileID: 0}
  m_PrefabAsset: {fileID: 0}
  m_GameObject: {fileID: 0}
  m_Enabled: 1
  m_EditorHideFlags: 0
  m_Script: {fileID: 11500000, guid: c18180ecb35941f4682ae60107b85b7c, type: 3}
  m_Name: bank:/Master.bank
  m_EditorClassIdentifier: 
  Path: Build/Desktop/Master.bank
  Name: Master
  StudioPath: bank:/Master
  lastModified: 637942684000000000
  LoadResult: 0
  FileSizes: []
  Exists: 1
--- !u!114 &7574704585765245036
MonoBehaviour:
  m_ObjectHideFlags: 0
  m_CorrespondingSourceObject: {fileID: 0}
  m_PrefabInstance: {fileID: 0}
  m_PrefabAsset: {fileID: 0}
  m_GameObject: {fileID: 0}
  m_Enabled: 1
  m_EditorHideFlags: 0
  m_Script: {fileID: 11500000, guid: ceb653cd98e289a4e8697a1af55201f2, type: 3}
  m_Name: event:/Ambience/Village/Torch
  m_EditorClassIdentifier: 
  Path: event:/Ambience/Village/Torch
  guid: 1f7d1d4036dfe74bb68bc6ddd0df0548
  Banks:
  - {fileID: 6561945231994151534}
  IsStream: 1
  Is3D: 1
  IsOneShot: 0
  Parameters: []
  MinDistance: 1
  MaxDistance: 20
  Length: 12176
